 Dungeon Crawl Stone Soup version 0.17.0-15-g6d90897 (webtiles) character file.

267 dorian the Distorting Ant (level 6, -2/47 HPs)
             Began as a Formicid Abyssal Knight on Nov 10, 2015.
             Was a Believer of Lugonu.
             Slain by an ogre
             ... wielding a +0 giant spiked club
              (9 damage)
             ... on level 4 of the Dungeon.
             The game lasted 00:10:52 (5539 turns).

dorian the Distorting Ant (Formicid Abyssal Knight) Turns: 5539, Time: 00:10:52

Health: -2/47      AC:  8    Str: 22    XL:     6   Next: 45%
Magic:  9/9        EV: 10    Int: 11    God:    Lugonu [**....]
Gold:   190        SH:  0    Dex: 10    Spells: 0 memorised, 5 levels left

rFire  . . .     SeeInvis +     c - +0 war axe
rCold  . . .     Clarity  .     w - +0 scale mail
rNeg   . . .     SustAt   .     (no shield)
rPois  .         Gourm    .     (helmet unavailable)
rElec  .         Spirit   .     (no cloak)
rCorr  .         Warding  .     (no gloves)
rMut   .         Stasis   +     l - +0 pair of boots
MR     .....                    (no amulet)
Stlth  ..........               (no ring)
                                z - +3 ring of strength

@: not resistant to hostile enchantments, extremely unstealthy
A: permanent stasis, dig shafts and tunnels, four strong arms, antennae 3
a: Dig, Shaft Self, Depart the Abyss, Bend Space, Renounce Religion


You were on level 4 of the Dungeon.
You worshipped Lugonu.
Lugonu was pleased with you.
You were not hungry.

You visited 1 branch of the dungeon, and saw 4 of its levels.
You visited the Abyss 1 time.

You collected 190 gold pieces.

Inventory:

Hand Weapons
 a - a +1 hand axe
 c - a +0 war axe (weapon)
 x - a -1 whip
Armour
 b - a +0 leather armour
 l - a +0 pair of boots (worn)
 o - a +0 ring mail
 w - a +0 scale mail (worn)
Jewellery
 z - a +3 ring of strength (left hand)
Wands
 q - a wand of polymorph (13)
Scrolls
 e - 3 scrolls of recharging
 f - a scroll of blinking {unknown}
 h - 5 scrolls of identify
 j - 3 scrolls of amnesia
 m - 4 scrolls of remove curse
 t - a scroll of magic mapping {unknown}
 u - a scroll of enchant armour {unknown}
 y - a scroll of enchant weapon {unknown}
Potions
 d - 3 potions of agility
 g - 3 potions of curing {unknown}
 i - a potion of might {unknown}
 k - a potion of cancellation {unknown}
 n - a potion of flight {unknown}
Books
 p - a book of Conjurations

   Spells                             Type                      Level
   a - Magic Dart                     Conjuration                  1
   b - Searing Ray                    Conjuration                  2
   c - Dazzling Spray                 Conjuration/Hexes            3
   d - Fulminant Prism                Conjuration/Hexes            4
   e - Iskenderun's Mystic Blast      Conjuration                  4
   f - Iskenderun's Battlesphere      Conjuration/Charms           5
 v - a book of Necromancy

   Spells                             Type                      Level
   a - Pain                           Necromancy                   1
   b - Animate Skeleton               Necromancy                   1
   c - Vampiric Draining              Necromancy                   3
   d - Regeneration                   Charms/Necromancy            3
   e - Animate Dead                   Necromancy                   4
   f - Control Undead                 Necromancy                   4
Comestibles
 r - a beef jerky
 s - 3 fruits
 A - a chunk of flesh


   Skills:
 - Level 3.2 Fighting
 + Level 3.8 Axes
 + Level 4.1 Armour
 - Level 0.8 Dodging
 + Level 5.0 Invocations


You had 5 spell levels left.
You didn't know any spells.

Dungeon Overview and Level Annotations

Branches:
Dungeon (4/15)
 Temple: D:4-7

Altars:
Cheibriados
Kikubaaqudgha
Qazlal
Ru

Annotations:
D:4 dysrexia's ghost, amateur TrEE


Innate Abilities, Weirdness & Mutations

You are under a permanent stasis effect.
You can dig through walls and to a lower floor.
Your four strong arms can wield two-handed weapons with a shield.
You have a pair of large antennae on your head (SInv).


Message History

* * * LOW HITPOINT WARNING * * *
You hit the ogre.
The ogre is severely wounded.
The ogre closely misses you.
You hit the ogre.
The ogre is almost dead.
The ogre closely misses you.
You hit the ogre.
The ogre is almost dead.
The ogre misses you.
You hit the ogre.
The ogre is almost dead.
The ogre closely misses you.
You barely miss the ogre.
The ogre is almost dead.
The ogre closely misses you.
You barely miss the ogre.
The ogre is almost dead.
The ogre hits you with a giant spiked club!
You die...

.....##.####.###.# #.#.#
......#.#....# #.# #.#.#
..##..#.#.#### #.# #.#.#
#.##..#.#.######.#######.#.#
..##..#.#.##......>........#
#........................###
..........##.###.#########
#.....#...##.# #O#
..........##.# #@# #
..#......>...###.# #
.#....#......)...# #
#...#.##.######### #.
#..#..##... #. ###...######
#. ...#..# .. ....#. ...
......# ###


You could see an ogre.

Vanquished Creatures
  5 gnolls
  8 adders
  3 worms
  A giant gecko (D:4)
  5 orcs
  2 ball pythons
  10 bats
  6 giant cockroaches
  12 hobgoblins
  A giant gecko zombie (D:3)
  4 giant newts
  6 goblins
  2 jackals (D:3)
  7 kobolds
  11 rats
83 creatures vanquished.

Vanquished Creatures (others)
  An ogre (D:4)
1 creature vanquished.

Grand Total: 84 creatures vanquished

Notes
Turn   | Place    | Note
--------------------------------------------------------------
     0 | Abyss:1  | dorian the Formicid Abyssal Knight began the quest for the Orb.
     0 | Abyss:1  | Reached XP level 1. HP: 18/18 MP: 2/2
    13 | D:1      | Escaped the Abyss
    84 | D:1      | Reached XP level 2. HP: 20/24 MP: 3/3
   466 | D:1      | Reached ** piety under Lugonu
   526 | D:1      | Reached XP level 3. HP: 7/29 MP: 4/4
  1419 | D:2      | You fall through a shaft!
  1684 | D:3      | Reached XP level 4. HP: 35/35 MP: 6/6
  2495 | D:2      | Reached XP level 5. HP: 41/41 MP: 7/7
  2522 | D:2      | Reached skill level 4 in Invocations
  2936 | D:2      | Found a stormy altar of Qazlal.
  2936 | D:2      | Noticed an earth elemental
  2937 | D:2      | Noticed a fire elemental
  2937 | D:2      | Noticed a water elemental
  2937 | D:2      | Noticed an air elemental
  3510 | D:3      | Reached *** piety under Lugonu
  4288 | D:4      | Reached XP level 6. HP: 13/47 MP: 9/9
  4640 | D:4      | Noticed an ogre
  4642 | D:4      | Noticed dysrexia's ghost (amateur TrEE)
  4686 | D:4      | Banished an ogre
  4743 | D:4      | Found an ancient bone altar of Kikubaaqudgha.
  4746 | D:4      | Found a snail-covered altar of Cheibriados.
  5363 | D:4      | Found a sacrificial altar of Ru.
  5381 | D:4      | Reached skill level 5 in Invocations
  5489 | D:4      | Noticed an ogre
  5539 | D:4      | Slain by an ogre

Action                   |  1- 3 |  4- 6 || total
-------------------------+-------+-------++-------
Melee: Hand axe          |   105 |   229 ||   334
       War axe           |       |    21 ||    21
Invok: Banish            |       |     4 ||     4
 Abil: Dig               |       |     1 ||     1
Evoke: Wand              |       |     2 ||     2
  Use: Scroll            |       |     4 ||     4
 Stab: Paralysed         |       |     1 ||     1
  Eat: Chunk             |     2 |    10 ||    12
       Bread ration      |       |     1 ||     1
       Beef jerky        |       |     1 ||     1
